 Dungeon Crawl Stone Soup version 0.31-a0-988-g08d55dae12 (webtiles) character file.

Game seed: 5413790738602307880

109343 BinkBink the Warrior (level 16, -67/111 HPs)
             Began as a Gargoyle Monk on Nov 5, 2023.
             Was the Champion of the Shining One.
             Annihilated by a titanic slime creature (84 damage)
             ... on level 15 of the Dungeon.
             The game lasted 00:55:03 (22925 turns).

BinkBink the Warrior (Gargoyle Monk)               Turns: 22925, Time: 00:55:04

Health: -67/111    AC: 42    Str: 25    XL:     16   Next: 52%
Magic:  16/16      EV: 21    Int: 15    God:    the Shining One [******]
Gold:   2345       SH:  0    Dex: 22    Spells: 15/15 levels left

rFire   + . .        M - +4 great mace "Killer Klown's Foe" {flame, rElec Will+ Int+4 Dex+4}
rCold   . . .        (shield currently unavailable)
rNeg    + + +        R - +4 plate armour {rF+}
rPois   ∞            E - +2 hat
rElec   +            w - scarf {shadows}
rCorr   .            (no gloves)
SInv    .            G - +2 pair of boots
Will    ++...        k - amulet of regeneration Stlth
                     m - +5 ring of evasion
HPRegen 1.18/turn    X - ring of Omiaj {AC+4 Str+2 Dex+6}
MPRegen 0.15/turn

%: no passive effects
@: flying, glowing
A: sickness immunity, AC +12, big wings, negative energy resistance 1,
electricity resistance, torment resistance 1, petrification resistance
a: Renounce Religion, Divine Shield, Cleansing Flame, Summon Divine Warrior,
Brand Weapon With Holy Wrath


You were on level 15 of the Dungeon.
You worshipped the Shining One.
The Shining One was exalted by your worship.
You visited 4 branches of the dungeon, and saw 23 of its levels.
You also visited: Ice Cave.

You collected 3101 gold pieces.
You spent 756 gold pieces at shops.

Inventory:

Hand Weapons
 h - a +2 heavy dire flail
 r - a +1 great mace of draining
 I - a +4 flail of venom
 J - a +4 mace of venom
 M - the +4 great mace "Killer Klown's Foe" (weapon) {flame, rElec Will+ Int+4 Dex+4}
   (You bought it in a shop on level 2 of the Orcish Mines)

   Int+4:     It affects your intelligence (+4).
   Dex+4:     It affects your dexterity (+4).
   rElec:     It insulates you from electricity.
   Will+:     It increases your willpower.
 T - a +2 flail of holy wrath
Missiles
 y - 3 throwing nets
Armour
 w - a scarf of shadows (worn)
 E - a +2 hat (worn)
 G - a +2 pair of boots (worn)
 R - a +4 plate armour of fire resistance (worn)
Jewellery
 c - a +4 ring of protection
 k - an amulet of regeneration (around neck)
 m - a +5 ring of evasion (left hand)
 o - a +5 ring of evasion
 q - the amulet "Quohud" {Acrobat rCorr}
   (You took it off a gnoll bouda on level 8 of the Dungeon)

   [amulet of the acrobat]

   Acrobat:   It increases your evasion while moving and waiting.
   rCorr:     It protects you from acid and corrosion.
 u - a ring of resist corrosion
 A - the ring "Jutt" {rPois rF+}
   (You found it on level 8 of the Dungeon)

   [ring of poison resistance]

   rF+:       It protects you from fire.
   rPois:     It protects you from poison
 B - a +4 ring of protection
 D - an amulet of reflection
 K - an amulet of guardian spirit
 X - the ring of Omiaj (right hand) {AC+4 Str+2 Dex+6}
   (You found it on level 14 of the Dungeon)

   [ring of protection]

   AC+4:      It affects your AC (+4).
   Str+2:     It affects your strength (+2).
   Dex+6:     It affects your dexterity (+6).
 Z - a +4 ring of protection
Wands
 i - a wand of mindburst (27)
 t - a wand of paralysis (47)
 x - a wand of acid (13)
 H - a wand of polymorph (16)
 Q - a wand of flame (23)
 S - a wand of roots (12)
 Y - a wand of digging (3)
Scrolls
 d - a scroll of immolation
 g - 2 scrolls of brand weapon
 j - 2 scrolls of teleportation
 s - 6 scrolls of poison
 v - a scroll of amnesia
 z - 3 scrolls of identify
 C - a scroll of enchant weapon
 N - a scroll of revelation
 P - 2 scrolls of vulnerability
 W - a scroll of silence
Potions
 a - a potion of attraction
 b - a potion of berserk rage
 e - 2 potions of might
 f - 4 potions of lignification
 l - 7 potions of mutation
 n - 4 potions of haste
 p - 2 potions of magic
 F - 10 potions of curing
 L - 7 potions of enlightenment
 O - 2 potions of invisibility
 U - 8 potions of brilliance


   Skills:
 + Level 16.4 Fighting
 + Level 15.1 Maces & Flails
 + Level 15.9 Armour
 + Level 12.8 Dodging


You had 15 spell levels left.
You didn't know any spells.
Your spell library contained the following spells:

 Spells                   Type           Power      Damage    Failure   Level
 Apportation              Tloc           0%         N/A       88%         1
 Kiss of Death            Conj/Necr      0%         2d5       88%         1
 Shock                    Conj/Air       0%         1d3       88%         1
 Slow                     Hex            0%         N/A       88%         1
 Summon Small Mammal      Summ           0%         N/A       88%         1
 Blink                    Tloc           0%         N/A       95%         2
 Ensorcelled Hibernation  Hex/Ice        0%         N/A       95%         2
 Jinxbite                 Hex            0%         N/A       95%         2
 Lesser Beckoning         Tloc           0%         N/A       95%         2
 Momentum Strike          Conj/Tloc      0%         3d8       95%         2
 Passwall                 Tmut/Erth      0%         N/A       95%         2
 Wereblood                Tmut           0%         N/A       95%         2
 Call Canine Familiar     Summ           0%         N/A       99%         3
 Confusing Touch          Hex            0%         N/A       99%         3
 Dazzling Flash           Conj/Hex       0%         N/A       99%         3
 Frozen Ramparts          Ice            0%         1d1       99%         3
 Gell's Gravitas          Tloc           0%         N/A       99%         3
 Ignite Poison            Fire/Tmut/Pois 0%         N/A       99%         3
 Sigil of Binding         Hex            0%         N/A       99%         3
 Summon Guardian Golem    Hex/Summ       0%         N/A       99%         3
 Swiftness                Air            0%         N/A       99%         3
 Teleport Other           Tloc           0%         N/A       99%         3
 Tukima's Dance           Hex            0%         N/A       99%         3
 Vampiric Draining        Necr           0%         2d6       99%         3
 Volatile Blastmotes      Fire/Tloc      0%         2d10      99%         3
 Airstrike                Air            0%         2d(0-16)  100%        4
 Animate Armour           Summ/Erth      0%         N/A       100%        4
 Dimensional Bullseye     Hex/Tloc       0%         N/A       100%        4
 Dispel Undead            Necr           0%         3d6       100%        4
 Leda's Liquefaction      Hex/Erth       0%         N/A       100%        4
 Passage of Golubria      Tloc           0%         N/A       100%        4
 Petrify                  Tmut/Erth      0%         N/A       100%        4
 Summon Ice Beast         Ice/Summ       0%         N/A       100%        4
 Summon Lightning Spire   Summ/Air       0%         N/A       100%        4
 Alistair's Intoxication  Tmut/Pois      0%         N/A       100%        5
 Freezing Cloud           Conj/Ice/Air   0%         6-21      100%        5
 Irradiate                Conj/Tmut      0%         3d11      100%        5
 Metabolic Englaciation   Hex/Ice        0%         N/A       100%        5
 Summon Mana Viper        Hex/Summ       0%         N/A       100%        5
 Yara's Violent Unravell  Hex/Tmut       0%         3d3       100%        5
 Dispersal                Tloc           0%         N/A       100%        6
 Starburst                Conj/Fire      0%         6d3       100%        6
 Monstrous Menagerie      Summ           0%         N/A       100%        7
 Orb of Destruction       Conj           0%         9d5       100%        7
 Spellforged Servitor     Conj/Summ      0%         N/A       100%        7
 Maxwell's Capacitive Co  Air            0%         ∞         100%        8
 Dragon's Call            Summ           0%         N/A       100%        9
 Cigotuvi's Dreadful Rot  Necr/Pois/Air  Unusable   N/A       N/A         2

Dungeon Overview and Level Annotations

Branches:
Dungeon (15/15)            Temple (1/1) D:6            Lair (5/5) D:9
  Swamp (0/4) Lair:2        Snake (0/4) Lair:2        Slime (0/5) Lair:5
    Orc (2/2) D:9             Elf (0/3) Orc:2        Vaults (0/5) D:13
  IceCv (visited)
 Depths: D:15

Altars:
Ashenzari
Cheibriados
Dithmenos
Elyvilon
Fedhas
Gozag
Hepliaklqana
Kikubaaqudgha
Makhleb
Nemelex Xobeh
Okawaru
Qazlal
Ru
Sif Muna
Trog
Vehumet
Wu Jian
Xom
Zin
The Shining One

Shops:
D:3 *   Orc:1 ?   Orc:2 ![[(

Annotations:
D:5 2 runed translucent doors
D:10 1 runed translucent door, 2 transporters, Heedrag's ghost, journeyman GrEE
D:15 2 transporters, Vomahe's ghost, journeyman MiFi


Innate Abilities, Weirdness & Mutations

You are immune to sickness and miasma.
Your stone body is resilient. (AC +12)
You are immune to poison.
Your large and strong wings let you fly.
You resist negative energy. (rN+)
You are resistant to electric shocks. (rElec)
You are resistant to unholy torment.
You are immune to petrification.


Message History

The brown ugly thing is lightly wounded.
You barely miss the brown ugly thing.
The brown ugly thing is lightly wounded.
The brown ugly thing barely misses you.
A slime creature comes into view.
The slime creature quivers.
You flatten the brown ugly thing like a pancake!!!
You burn the brown ugly thing!!
The brown ugly thing is almost dead.
The brown ugly thing basks in the mutagenic energy from its kin and changes!
Two slime creatures merge to form a large slime creature.
You hit the purple ugly thing. You burn the purple ugly thing.
The purple ugly thing is almost dead.
Two slime creatures merge to form a very large slime creature.
You completely miss the purple ugly thing.
The purple ugly thing is almost dead.
You hit the purple ugly thing. You burn the purple ugly thing.
You kill the purple ugly thing!
Two slime creatures merge to form an enormous slime creature.
You beat the enormous slime creature like a drum!!!
You burn the enormous slime creature!
The enormous slime creature is lightly wounded.
Two slime creatures merge to form a titanic slime creature.
You sock the titanic slime creature! You burn the titanic slime creature.
The titanic slime creature is lightly wounded.
The titanic slime creature hits you!!!
You thump the titanic slime creature! You burn the titanic slime creature.
The titanic slime creature is moderately wounded.
The titanic slime creature hits you!!!
* * * LOW HITPOINT WARNING * * *
You are too injured to fight recklessly!
You are too injured to fight recklessly!
You are too injured to fight recklessly!
You are too injured to fight recklessly!
The titanic slime creature attacks as it pursues you!
The titanic slime creature hits you but does no damage.
The titanic slime creature attacks as it pursues you!
The titanic slime creature hits you!!!!
Ouch! That really hurt!
You die...

#...# ########..
#...#######........#
#...........########
#...#########
#....### ### #
####...# ##.# #
####.## #..# #
#.....# #..# #
#@###.# #..# # #J#
#.###.## ##
#'###.#...#######.
#u##..............
...##......#######
...$.#.##.###
#.....#.#..# ##
##...##...#########.
##.##......)....#..


You could see a purple ugly thing and a titanic slime creature.

Vanquished Creatures
  Saint Roka (Orc:2)
  Jorgrun (Orc:1)
  2 orc warlords
  A stone giant (D:14)
  Nessos (Lair:5)
  Josephine (Lair:3)
  A vault guard (D:13)
  A boulder beetle (D:12)
  3 hydras (Lair:4)
  4 ogre magi (Orc:2)
  3 catoblepae
  3 death knights
  20 two-headed ogres
  7 centaur warriors
  A tengu warrior (D:13)
  Urug (Orc:2)
  Sonja (D:13)
  2 skeletal warriors (D:15)
  A skyshark (Lair:3)
  Lodul (D:12)
  A fire crab (Lair:3)
  A phantasmal warrior (D:15)
  A deep elf pyromancer (D:8)
  An oklob plant (Lair:3)
  An orc knight (D:15)
  2 orc sorcerers (Orc:1)
  A wolf spider (D:13)
  4 cyclopes
  22 ugly things
  6 black mambas
  5 manticores
  11 cane toads
  A kobold demonologist (D:11)
  12 komodo dragons
  An unseen horror (shapeshifter) (D:14)
  6 rime drakes
  Jeremiah (D:8)
  2 freezing wraiths
  An unseen horror (D:12)
  A komodo dragon (shapeshifter) (D:12)
  An efreet (D:15)
  3 meliai (D:13)
  7 trolls
  7 hornets
  10 blink frogs
  9 polar bears
  17 slime creatures
  8 dream sheep
  A spriggan (shapeshifter) (D:15)
  8 wraiths
  Sigmund (D:6)
  11 wyverns
  12 spriggans (Lair:5)
  A dire elephant simulacrum (IceCv)
  A yak (shapeshifter) (D:13)
  71 yaks
  Eustachio (D:6)
  6 basilisks
  6 vampire mosquitoes
  A steam dragon (D:9)
  A death yak simulacrum (IceCv)
  3 nagas (Lair:2)
  4 wargs
  An acid dragon (D:13)
  Duvessa (D:5)
  12 water moccasins
  32 orc warriors
  4 ice beasts
  7 black bears
  2 sky beasts
  5 boggarts (Lair:5)
  42 ogres
  21 wolves
  11 centaurs
  3 kobold brigands
  15 bullfrogs
  3 scorpions
  17 wights
  Dowan (D:5)
  An elephant simulacrum (IceCv)
  4 killer bees (D:11)
  5 electric eels
  8 howler monkeys
  9 hounds
  3 jellies (Lair:5)
  2 gnoll boudas
  19 orc priests
  4 iguanas
  20 orc wizards
  7 hell rats (Lair:1)
  3 polar bear simulacra (IceCv)
  20 gnolls
  3 adders
  2 shadow imps (D:8)
  2 ufetubi (D:5)
  2 worms (D:2)
  3 dart slugs
  90 orcs
  5 ball pythons
  5 endoplasms
  2 giant cockroaches
  12 goblins
  11 hobgoblins
  3 jackals (D:3)
  2 quokkas (D:3)
  3 bats
  3 frilled lizards (D:2)
  33 kobolds
  4 rats
794 creatures vanquished.

Vanquished Creatures (others)
  A troll (D:13)
  An orc priest (Orc:1)
2 creatures vanquished.

Grand Total: 796 creatures vanquished

Notes
Turn   | Place    | Note
-------+----------+-------------------------------------------
     0 | D:1      | BinkBink the Gargoyle Monk began the quest for the Orb.
     0 | D:1      | Reached XP level 1. HP: 14/14 MP: 1/1
   108 | D:1      | Reached XP level 2. HP: 17/19 MP: 2/2
   823 | D:2      | Reached XP level 3. HP: 17/24 MP: 3/3
   984 | D:2      | Reached skill level 1 in Armour
  1355 | D:2      | Reached skill level 4 in Fighting
  1355 | D:2      | Reached XP level 4. HP: 29/29 MP: 4/4
  1781 | D:3      | Found a faded altar of an unknown god.
  1853 | D:3      | Reached XP level 5. HP: 33/33 MP: 5/5
  2080 | D:3      | Found a bloodstained altar of Trog.
  2133 | D:3      | Found Idoxeph's Assorted Antiques.
  2530 | D:4      | Reached XP level 6. HP: 39/39 MP: 6/6
  2798 | D:4      | Reached skill level 5 in Fighting
  2821 | D:4      | Reached XP level 7. HP: 44/44 MP: 7/7
  3003 | D:4      | Found a white marble altar of Elyvilon.
  3004 | D:4      | Found a glowing silver altar of Zin.
  3112 | D:4      | Identified the +5 quarterstaff "Tuohawki" {heavy, *Noise
                  | Will++ Stlth+}
  3154 | D:4      | Found a shadowy altar of Dithmenos.
  3684 | D:5      | Entered Level 5 of the Dungeon
  3699 | D:5      | Reached skill level 5 in Maces & Flails
  3800 | D:5      | Noticed Dowan
  3895 | D:5      | Noticed Duvessa
  3933 | D:5      | Killed Duvessa
  3958 | D:5      | Killed Dowan
  3959 | D:5      | Reached XP level 8. HP: 40/51 MP: 8/8
  4012 | D:5      | Reached skill level 6 in Fighting
  4033 | D:5      | Found an iron altar of Okawaru.
  4105 | D:5      | Found a large runed translucent door.
  4105 | D:5      | Found a large runed translucent door.
  4141 | D:5      | Found a sacrificial altar of Ru.
  4523 | D:6      | Noticed Eustachio
  4590 | D:6      | Killed Eustachio
  4626 | D:6      | Found a staircase to the Ecumenical Temple.
  4632 | Temple   | Entered the Ecumenical Temple
  4691 | D:6      | Reached skill level 5 in Armour
  4729 | D:6      | Reached skill level 5 in Dodging
  4827 | D:6      | Reached skill level 7 in Fighting
  4827 | D:6      | Reached XP level 9. HP: 57/57 MP: 9/9
  4966 | D:6      | Noticed Sigmund
  4970 | D:6      | Killed Sigmund
  5973 | D:7      | Found a sparkling altar of Nemelex Xobeh.
  6103 | D:7      | Noticed a hornet
  6110 | D:7      | Killed a hornet
  6111 | D:7      | Reached skill level 8 in Fighting
  6255 | D:8      | Noticed a centaur warrior
  6255 | D:8      | Noticed a cyan ugly thing
  6255 | D:8      | Noticed a deep elf pyromancer
  6255 | D:8      | Noticed a manticore
  6255 | D:8      | Noticed a cyclops
  6262 | D:8      | Killed a manticore
  6263 | D:8      | Reached XP level 10. HP: 62/65 MP: 10/10
  6269 | D:8      | Identified the amulet "Quohud" {Acrobat rCorr}
  6281 | D:8      | Killed a cyan ugly thing
  6321 | D:8      | Killed a centaur warrior
  6369 | D:8      | Reached skill level 9 in Fighting
  6472 | D:8      | Killed a cyclops
  6489 | D:8      | Killed a deep elf pyromancer
  6510 | D:8      | Identified the ring "Jutt" {rPois rF+}
  6673 | D:8      | Noticed Jeremiah
  6735 | D:8      | Killed Jeremiah
  6736 | D:8      | Reached XP level 11. HP: 69/72 MP: 11/11
  6764 | D:8      | Found a hazy altar of Hepliaklqana.
  6788 | D:8      | Found an ancient bone altar of Kikubaaqudgha.
  7152 | D:9      | Found a glowing golden altar of the Shining One.
  7158 | D:9      | Became a worshipper of the Shining One
  7158 | D:9      | Reached * piety under the Shining One
  7158 | D:9      | Reached ** piety under the Shining One
  7188 | D:9      | Reached skill level 10 in Fighting
  7330 | D:9      | Found a staircase to the Lair.
  7839 | D:9      | Found a staircase to the Orcish Mines.
  7891 | D:10     | Entered Level 10 of the Dungeon
  8084 | D:10     | Found a runed translucent door.
  8090 | D:10     | Noticed Heedrag's ghost (journeyman GrEE)
  8090 | D:10     | Noticed a spriggan rider
  8259 | D:10     | Noticed an ogre mage
  8267 | D:10     | Noticed a flayed ghost
  8268 | D:10     | Found a transporter.
  8268 | D:10     | Found a stormy altar of Qazlal.
  8275 | D:10     | Noticed a seven-headed hydra
  8283 | D:10     | Found a transporter.
  8337 | D:10     | Reached *** piety under the Shining One
  8495 | D:10     | Identified the +11 trident "Eblade" {flame, Fly rC+ Stlth+}
  8630 | D:11     | Noticed a centaur warrior
  8641 | D:11     | Killed a centaur warrior
  8642 | D:11     | Reached skill level 10 in Armour
  9220 | D:11     | Reached skill level 10 in Maces & Flails
  9676 | Lair:5   | Identified the "Erodoano"
  9676 | Orc:1    | Entered Level 1 of the Orcish Mines
  9736 | Orc:1    | Reached skill level 11 in Fighting
  9802 | Orc:1    | Found Teiretta's Magic Scroll Boutique.
  9810 | Orc:1    | Bought a scroll of brand weapon for 142 gold pieces
  9982 | Orc:1    | Reached XP level 12. HP: 80/80 MP: 12/12
 10061 | Orc:1    | Reached **** piety under the Shining One
 10142 | Orc:1    | Noticed an orc warlord
 10296 | D:9      | Killed an orc warlord
 10668 | Orc:2    | Entered Level 2 of the Orcish Mines
 10668 | Orc:2    | Noticed Urug
 10680 | Orc:2    | Killed Urug
 10685 | Orc:2    | Noticed Jorgrun
 10706 | Orc:1    | Killed Jorgrun
 10779 | Orc:2    | Noticed Saint Roka
 10829 | Orc:2    | Noticed an orc warlord
 11096 | Orc:1    | Killed an orc warlord
 11097 | Orc:1    | Reached skill level 12 in Fighting
 11258 | Orc:2    | Found a staircase to the Elven Halls.
 11404 | Lair:1   | Entered Level 1 of the Lair of Beasts
 11483 | Lair:1   | Reached ***** piety under the Shining One
 11657 | Lair:1   | Reached XP level 13. HP: 78/87 MP: 13/13
 11856 | Lair:1   | Found a frozen archway.
 11861 | IceCv    | Entered an ice cave
 13051 | Lair:2   | Reached skill level 10 in Dodging
 13116 | Lair:2   | Reached skill level 13 in Fighting
 13213 | Lair:2   | Found a staircase to the Swamp.
 13289 | Lair:2   | Found a staircase to the Snake Pit.
 14297 | Lair:3   | Noticed Josephine
 14322 | Lair:3   | Killed Josephine
 14606 | Lair:3   | Gained mutation: Your large and strong wings let you fly.
                  | [Gargoyle growth]
 14606 | Lair:3   | Reached XP level 14. HP: 94/94 MP: 14/14
 15087 | Lair:3   | Identified a scroll of acquirement
 15087 | Lair:3   | Acquired 349 gold pieces
 15261 | Lair:4   | Reached ****** piety under the Shining One
 15307 | Lair:4   | Reached skill level 14 in Fighting
 15590 | Lair:4   | Identified the orb of the Gusle {*channel, Str+5}
 16206 | Lair:5   | Entered Level 5 of the Lair of Beasts
 16276 | Lair:5   | Found a staircase to the Slime Pits.
 16375 | Lair:5   | Found the +2 Maxwell's thermic engine {flame, freeze, rev}
 16776 | Lair:5   | Noticed Nessos
 16796 | Lair:5   | Killed Nessos
 16837 | Lair:5   | Identified the +1 plate armour of Orecug {Str+2}
 17756 | Orc:2    | Reached XP level 15. HP: 101/101 MP: 15/15
 18053 | Orc:2    | Reached skill level 15 in Fighting
 18634 | Orc:2    | Found Hilotsip's Antique Weapon Shoppe.
 18634 | Orc:2    | Found Beunkym's Antique Armour Shop.
 18634 | Orc:2    | Found Wush's Armour Shop.
 18634 | Orc:2    | Found Garemn's Distillery.
 18644 | Orc:2    | Bought a pair of embroidered boots for 180 gold pieces
 18656 | Orc:2    | Bought a potion of heal wounds for 85 gold pieces
 18656 | Orc:2    | Bought a potion of heal wounds for 85 gold pieces
 18658 | Orc:2    | Bought an ichor-stained great mace for 264 gold pieces
 18658 | Orc:2    | Identified the +4 great mace "Killer Klown's Foe" {flame,
                  | rElec Will+ Int+4 Dex+4} (You bought it in a shop on level
                  | 2 of the Orcish Mines)
 18764 | Orc:2    | HP: 2/103 [Saint Roka/divine providence (17)]
 18768 | Orc:2    | Killed Saint Roka
 19981 | D:12     | Noticed Lodul
 19999 | D:12     | Killed Lodul
 20239 | D:12     | Reached skill level 15 in Armour
 20369 | D:13     | Noticed Sonja
 20384 | D:13     | Killed Sonja
 21122 | D:13     | Found a gate to the Vaults.
 21133 | D:13     | Identified the dragon-blood talisman of Death Resistance
                  | {rElec Will++}
 21646 | D:13     | Reached XP level 16. HP: 110/110 MP: 16/16
 21788 | D:14     | Reached skill level 16 in Fighting
 21873 | D:14     | Identified the ring of Omiaj {AC+4 Str+2 Dex+6}
 22212 | D:14     | Found a white marble altar of Elyvilon.
 22347 | D:15     | Entered Level 15 of the Dungeon
 22370 | D:15     | Found a transporter.
 22370 | D:15     | Noticed Vomahe's ghost (journeyman MiFi)
 22601 | D:15     | Found a transporter.
 22726 | D:15     | Reached skill level 15 in Maces & Flails
 22774 | D:15     | Found a broken altar of Ashenzari.
 22925 | D:15     | Annihilated by a titanic slime creature

Illustrated notes

Levels and vault maps discovered:
D:1:      lemuel_arrival_river_ford, layout_basic
D:2:      layout_loops_ring, minmay_vboxes
D:3:      layout_rooms, trog_three_pillars_becter,
          chequers_ecumenical_altar_simple, serial_shops,
          nicolae_shop_hallway_plus
D:4:      kennysheep_kobold_camp, layout_cave_pods,
          mainiacjoe_overflow_divided_tiny, lemuel_tele_altar,
          serial_bayou_ford_a
D:5:      layout_rooms, lemuel_round_altar, nicolae_ru_awakened_eye,
          jmf_multi_god_temple2, nicolae_fountain_basement, uniq_duvessa
D:6:      layout_basic, minmay_temple_entry_hall, nrook_mini_backslash,
          uniq_eustachio, uniq_sigmund
D:7:      layout_loops_ring, mainiacjoe_overflow_alcove_2
D:8:      minmay_the_grid_octo_triangle [minmay_the_grid_octo_fan_narrow,
          minmay_the_grid_octo_prize_ultimate_mussel_roller,
          minmay_the_grid_octo_thin_diamonds], layout_rooms,
          mainiacjoe_overflow_catch_the_wave, serial_glass, glass_columns_b,
          glass_columns_c, glass_columns_a, kennysheep_windowed_goal,
          uniq_jeremiah
D:9:      layout_gridville, mainiacjoe_overflow_tiny_flanked, erik_lair_island,
          hiddenorc1_lemuel
D:10:     layout_cave_pools, gammafunk_temple_overflow_arena,
          ebering_ghost_funeral_grove
D:11:     layout_gridville
D:12:     layout_roguey, uniq_lodul
D:13:     layout_basic, david_vaults_5, minmay_misc_feat_doors, uniq_sonja
D:14:     cheibrodos_monumental, layout_cave_pools, minmay_misc_feat_tiny,
          nicolae_elyvilon_temple_path
D:15:     gammafunk_enter_depths_forms, layout_rooms, gammafunk_ghost_hive,
          ashenzari_conservatory_becter
Temple:   nicolae_temple_figure_zero
Lair:1:   layout_long_grid, portal_ice_cave_entry_pillars_2
Lair:2:   layout_layer_cave, swamp_mist_pool, guppyfry_snake_entry_island
Lair:3:   layout_roguey, dpeg_oklob_1, infiniplex_staircase_pool, uniq_josephine
Lair:4:   layout_cave_pods, beast_lair_carwin_10
Lair:5:   minmay_lair_end_enchanted_forest, layout_loops_ring,
          minmay_slime_entry_pillars, st_stairs_10, uniq_nessos
Orc:1:    layout_caves, serial_shops, shop, guppyfry_library_mini
Orc:2:    st_orc_ogre_mass, layout_caves, basic_altar, uniq_urug, uniq_jorgrun,
          uniq_saint_roka

Skill      XL: |  1  2  3  4  5  6  7  8  9 10 11 12 13 14 15 16 |
---------------+-------------------------------------------------+-----
Armour         | 1 2 3 4 5 7 8 10 11 12 14 15 | 15.9
Fighting       | 4 5 7 8 9 11 12 13 14 15 16 | 16.4
Dodging        | 3 4 5 6 7 8 9 10 11 12 | 12.8
Maces & Flails | 4 5 6 7 8 10 11 12 13 14 15 | 15.1

Action                     |  1- 3 |  4- 6 |  7- 9 | 10-12 | 13-15 | 16-18 || total
---------------------------+-------+-------+-------+-------+-------+-------++-------
  Melee: Mace              |    98 |   190 |   406 |   593 |  1514 |       ||  2801
         Flail             |       |       |       |   362 |       |       ||   362
         Great mace        |       |       |       |       |   255 |   214 ||   469
    Use: Potion            |       |     1 |       |     8 |     6 |       ||    15
         Scroll            |       |       |     9 |    12 |    18 |     2 ||    41
   Stab: Distracted        |     1 |       |       |       |       |       ||     1
 Armour: Robe              |    21 |       |       |       |       |       ||    21
         Ring mail         |    44 |    62 |   136 |       |       |       ||   242
         Plate armour      |       |       |    31 |   117 |  1028 |   127 ||  1303
         Scale mail        |       |       |       |   387 |       |       ||   387
  Dodge: Dodged            |    67 |   219 |   516 |  1203 |  1795 |   184 ||  3984

Table legend: (Time is in decaauts)
 A = Elapsed time spent in this place.
 B = Non-inter-level travel time spent in this place.
 C = Inter-level travel time spent in this place.
 D = Time resting spent in this place.
 E = Time spent auto-exploring this place.
 F = Levels seen in this place.
 G = Mean time per level.
                   A        B        C        D        E       F      G
               +--------+--------+--------+--------+--------+-----+--------+
         Total |  22628 |  21322 |   1306 |   2286 |  12911 |  24 |  942.8 |
       Dungeon |  13206 |  12385 |    821 |    812 |   8420 |  15 |  880.4 |
        Temple |     27 |      1 |     26 |      0 |      0 |   1 |   27.0 |
          Lair |   5707 |   5446 |    261 |    259 |   3401 |   5 | 1141.4 |
  Orcish Mines |   3402 |   3204 |    198 |   1064 |   1089 |   2 | 1701.0 |
      Ice Cave |    283 |    283 |      0 |    150 |      0 |   1 |  283.0 |
               +--------+--------+--------+--------+--------+-----+--------+

Top non-repeatable levels by time:
   Orc:2: 1849 daAuts
   Orc:1: 1553 daAuts
  Lair:2: 1357 daAuts
     D:4: 1351 daAuts
    D:13: 1328 daAuts
  Lair:5: 1297 daAuts
     D:6: 1080 daAuts
  Lair:4: 1067 daAuts
    D:11: 1066 daAuts
  Lair:3: 1061 daAuts
     D:2: 965 daAuts
     D:9: 940 daAuts
     D:8: 937 daAuts
  Lair:1: 924 daAuts
     D:1: 811 daAuts
